 Dungeon Sprint DCSS version 0.28-a0-863-g8cecda6153 (webtiles) character file.

Game seed: 12968292360036757246

8117 emperorscorpion the Thaumaturge (level 11, -5/74 HPs)
             Began as a Djinni Air Elementalist on Nov 17, 2021.
             Was an Elder of Makhleb.
             Slain by a death yak (19 damage)
             ... in the Dungeon (Sprint IX: "|||||||||||||||||||||||||||||").
             The game lasted 00:11:06 (2217 turns).

emperorscorpion the Thaumaturge (DjAE)              Turns: 2217, Time: 00:11:06

Health: -5/74      AC: 12    Str:  7    XL:     11   Next: 49%
Gold:   0          EV: 13    Int: 24    God:    Makhleb [****..] SH:  0 Dex: 16

rFire   + + .      SeeInvis +   j - +2 scimitar of Ruination {protect, rElec Will- rCorr Int+6}
rCold   x . .      Faith    .   (no shield)
rNeg    . . .      Spirit   .   l - +1 scale mail
rPois   ∞          Reflect  .   k - +0 helmet
rElec   +          Harm     .   (no cloak)
rCorr   +          Rampage  .   (no gloves)
Will    +....      NoTele   +   (boots unavailable)
Stlth   +.........              (no amulet)
HPRegen 0.22/turn               o - ring "Patiriesk" {+Blink Will+ SInv}
MPRegen 0.00/turn               n - +2 ring of evasion

@: mighty, flying
A: sickness immunity, fire resistance 2, cold vulnerability 1, float, innate
caster, hp casting, extra vitality 1
a: Renounce Religion, Evoke Blink, Minor Destruction, Lesser Servant of Makhleb,
Major Destruction


You were in the Dungeon.
You worshipped Makhleb.
Makhleb was greatly pleased with you.
You visited 1 branch

Inventory:

Hand Weapons
 g - a +0 dagger
 i - a +2 rapier of holy wrath
 j - the +2 scimitar of Ruination (weapon) {protect, rElec Will- rCorr Int+6}
   (You found it in the Dungeon)

   It grants its wielder temporary protection when it strikes (+7 to AC).
   Int:       It affects your intelligence (+6).
   rElec:     It insulates you from electricity.
   rCorr:     It protects you from acid and corrosion.
   Will:      It decreases your willpower.
Armour
 a - a +0 robe
 k - a +0 helmet (worn)
 l - a +1 scale mail (worn)
Jewellery
 m - a +3 ring of strength
 n - a +2 ring of evasion (right hand)
 o - the ring "Patiriesk" (left hand) {+Blink Will+ SInv}
   (You found it in the Dungeon)

   [ring of willpower]

   SInv:      It lets you see invisible.
   +Blink:    It lets you blink.
   Will:      It increases your willpower.
Scrolls
 f - 2 scrolls of blinking
 p - a scroll of enchant weapon
 q - 2 scrolls of identify
 r - a scroll of fear
 s - a scroll of fog
Potions
 b - 5 potions of curing
 c - 7 potions of heal wounds


   Skills:
 + Level 4.9 Fighting
 + Level 4.0(4.6) Short Blades
 + Level 3.2(4.2) Long Blades
 * Level 13.0 Armour
 + Level 8.5 Dodging
 - Level 2.7 Stealth
 + Level 13.9 Spellcasting
 * Level 11.3 Invocations
 - Level 3.0 Evocations


You had 15 spell levels left.
You knew the following spells:

 Your Spells              Type           Power      Damage    Failure   Level
a - Shock                 Conj/Air       100%       1d9       1%          1
b - Static Discharge      Conj/Air       71%        N/A       1%          2
c - Swiftness             Air            71%        N/A       1%          3
d - Airstrike             Air            35%        N/A       1%          4
e - Animate Skeleton      Necr           100%       N/A       1%          1
f - Blink                 Tloc           100%       N/A       1%          2
g - Wereblood             Tmut           71%        N/A       1%          2
h - Gell's Gravitas       Tloc           71%        N/A       1%          3
i - Summon Ice Beast      Ice/Summ       71%        N/A       1%          4
Your spell library was empty.

Dungeon Overview and Level Annotations

Branches:
Dungeon (1/1)

Altars:
Cheibriados
Dithmenos
Elyvilon
Fedhas
Gozag
Hepliaklqana
Kikubaaqudgha
Makhleb
Nemelex Xobeh
Okawaru
Qazlal
Ru
Sif Muna
Trog
Uskayaw
Vehumet
Wu Jian
Xom
Yredelemnul
Zin
The Shining One
Beogh
Jiyva
Lugonu


Innate Abilities, Weirdness & Mutations

You are immune to sickness and miasma.
You are immune to poison.
Your flesh is very heat resistant. (rF++)
You are vulnerable to cold. (rC-)
You float through the air rather than walking.
You learn spells naturally, not from books.
Your magical power is your life essence.
You have superior vitality. (+4 HP)


Message History

You feel better. You resist.
You are struck by an arc of lightning.
The lightning grounds out.
Your base Long Blades skill increases to level 3!
Your Armour skill increases to level 13!
Your Invocations skill increases to level 11!
Unknown command.
Casting: Static Discharge (safe; 1% risk of failure)
Confirm with . or Enter, or press ? or * to list all spells.
The death yak is struck by an arc of lightning!
The death yak is lightly wounded.
You resist.
You are struck by an arc of lightning.
The death yak is struck by an arc of lightning!
The death yak is moderately wounded.
You resist.
You are struck by an arc of lightning.
The death yak is struck by an arc of lightning.
The death yak is moderately wounded.
The lightning grounds out.
The death yak gores you.
Unknown command.
Casting: Static Discharge (safe; 1% risk of failure)
Confirm with . or Enter, or press ? or * to list all spells.
The death yak is struck by an arc of lightning!
The death yak is heavily wounded.
You resist.
You are struck by an arc of lightning.
The death yak is struck by an arc of lightning.
The death yak is heavily wounded.
You resist.
You are struck by an arc of lightning.
The death yak gores you!!
* * * LOW HITPOINT WARNING * * *
Unknown command.
Casting: Static Discharge (safe; 1% risk of failure)
Confirm with . or Enter, or press ? or * to list all spells.
The death yak is struck by an arc of lightning!!
The death yak is severely wounded.
You resist.
You are struck by an arc of lightning.
* * * LOW HITPOINT WARNING * * *
The death yak is struck by an arc of lightning.
The death yak is almost dead.
The lightning grounds out.
* * * LOW HITPOINT WARNING * * *
The death yak gores you!!
You die...

▓▓▓▓▓▓▓▓▓▓▓▓▓▓▓▓▓▓▓▓▓▓▓▓▓▓▓▓▓
▓.Y'.....['Y@....'....[.)?!'_
▓.▓▓▓▓▓▓▓▓▓▓▓▓▓▓▓▓▓▓▓▓▓▓▓▓▓▓▓
▓..Y.Y.........Y.Y...........
▓▓▓▓▓▓▓▓▓▓▓▓▓▓▓▓▓▓▓▓▓▓▓▓▓▓▓▓▓


YYYYYY'. ▓▓▓▓▓▓▓▓ You could see a death yak.

Vanquished Creatures
  2 death yaks (D)
  A two-headed ogre (D)
  A lindwurm (D)
  A deep elf pyromancer (D)
  A manticore (D)
  A cane toad (D)
  A komodo dragon (D)
  An unseen horror (D)
  2 trolls (D)
  A polar bear (D)
  A shadow (D)
  2 yaks (D)
  A basilisk (D)
  2 water moccasins (D)
  An orc warrior (D)
  A black bear (D)
  A wolf (D)
  A centaur (D)
  3 bullfrogs (D)
  A scorpion (D)
  A killer bee (D)
  A hound (D)
  2 iguanas (D)
  A giant cockroach (D)
  A goblin (D)
  2 hobgoblins (D)
  A quokka (D)
  A ball python (D)
36 creatures vanquished.

Vanquished Creatures (collateral kills)
  2 hydras (D)
  A komodo dragon (D)
  A polar bear (D)
4 creatures vanquished.

Vanquished Creatures (others)
  A centaur warrior (D)
  A vampire (D)
2 creatures vanquished.

Grand Total: 42 creatures vanquished

Notes
Turn   | Place    | Note
-------+----------+-------------------------------------------
     0 | D        | emperorscorpion the Djinni Air Elementalist began the quest
                  | for the Orb.
     0 | D        | Reached XP level 1. HP: 15/15 MP: 0/0
     9 | D        | Reached XP level 2. HP: 13/21 MP: 0/0
   122 | D        | Noticed a scorpion
   128 | D        | Killed a scorpion
   129 | D        | Reached skill level 5 in Spellcasting
   129 | D        | Reached XP level 3. HP: 25/25 MP: 0/0
   129 | D        | Learned a level 1 spell: Animate Skeleton
   129 | D        | Reached XP level 4. HP: 31/31 MP: 0/0
   138 | D        | Reached skill level 1 in Armour
   143 | D        | Reached XP level 5. HP: 35/35 MP: 0/0
   143 | D        | Learned a level 2 spell: Blink
   151 | D        | Found a snail-covered altar of Cheibriados.
   151 | D        | Found a shadowy altar of Dithmenos.
   151 | D        | Found a white marble altar of Elyvilon.
   151 | D        | Found a blossoming altar of Fedhas.
   151 | D        | Found an opulent altar of Gozag.
   152 | D        | Found a hazy altar of Hepliaklqana.
   153 | D        | Found a viscous altar of Jiyva.
   155 | D        | Found a corrupted altar of Lugonu.
   156 | D        | Found a burning altar of Makhleb.
   157 | D        | Found a sparkling altar of Nemelex Xobeh.
   158 | D        | Found an iron altar of Okawaru.
   159 | D        | Found a stormy altar of Qazlal.
   160 | D        | Found a sacrificial altar of Ru.
   162 | D        | Found a bloodstained altar of Trog.
   163 | D        | Found a hide-covered altar of Uskayaw.
   164 | D        | Became a worshipper of Makhleb the Destroyer
   166 | D        | Found an ornate altar of the Wu Jian Council.
   167 | D        | Found a shimmering altar of Xom.
   168 | D        | Found a basalt altar of Yredelemnul.
   169 | D        | Found a glowing silver altar of Zin.
   170 | D        | Found a glowing golden altar of the Shining One.
   186 | D        | Got the +2 scimitar of Ruination {protect, rElec Will-
                  | rCorr Int+6}
   264 | D        | Noticed a shadow
   264 | D        | Noticed a two-headed ogre
   264 | D        | Noticed a centaur
   264 | D        | Noticed an orc warrior
   287 | D        | Killed an orc warrior
   288 | D        | Reached skill level 1 in Short Blades
   288 | D        | Reached XP level 6. HP: 36/41 MP: 0/0
   291 | D        | Killed an unseen horror
   292 | D        | Reached skill level 1 in Fighting
   292 | D        | Reached skill level 5 in Armour
   292 | D        | Reached skill level 5 in Dodging
   292 | D        | Reached skill level 1 in Evocations
   292 | D        | Reached XP level 7. HP: 33/47 MP: 0/0
   292 | D        | Learned a level 2 spell: Wereblood
   292 | D        | Reached * piety under Makhleb
   296 | D        | Killed a two-headed ogre
   297 | D        | Reached skill level 10 in Spellcasting
   297 | D        | Reached skill level 5 in Invocations
   297 | D        | Reached XP level 8. HP: 37/54 MP: 0/0
   301 | D        | Killed a shadow
   301 | D        | Reached ** piety under Makhleb
   349 | D        | Noticed a deep elf pyromancer
   349 | D        | Noticed a troll
   349 | D        | Noticed a troll
   349 | D        | Noticed a manticore
   349 | D        | Noticed a vampire
   349 | D        | Noticed a centaur warrior
   356 | D        | Noticed a fire elemental
   359 | D        | Killed a vampire
   360 | D        | Reached XP level 9. HP: 30/58 MP: 0/0
   360 | D        | Learned a level 3 spell: Gell's Gravitas
   361 | D        | Killed a centaur warrior
   726 | D        | Killed a manticore
   727 | D        | Killed a troll
   730 | D        | Killed a troll
   733 | D        | Killed a deep elf pyromancer
   733 | D        | Reached *** piety under Makhleb
   734 | D        | Reached XP level 10. HP: 17/67 MP: 0/0
  1067 | D        | Got the ring "Patiriesk" {+Blink Will+ SInv}
  1082 | D        | Noticed a komodo dragon
  1093 | D        | Reached skill level 10 in Armour
  1093 | D        | Reached **** piety under Makhleb
  1096 | D        | Killed a komodo dragon
  1097 | D        | Reached skill level 1 in Long Blades
  1332 | D        | Noticed a komodo dragon
  1332 | D        | Noticed a cane toad
  1332 | D        | Noticed a lindwurm
  1336 | D        | Noticed a seven-headed hydra
  1339 | D        | Reached ***** piety under Makhleb
  1343 | D        | Noticed an eight-headed hydra
  1345 | D        | Killed a lindwurm
  1346 | D        | Killed a cane toad
  1349 | D        | Noticed a balrug
  1353 | D        | Killed an eight-headed hydra
  1354 | D        | Reached XP level 11. HP: 33/74 MP: 0/0
  1354 | D        | Learned a level 4 spell: Summon Ice Beast
  1354 | D        | Killed a seven-headed hydra
  1355 | D        | Reached skill level 10 in Invocations
  1361 | D        | Noticed an Executioner
  1368 | D        | HP: 2/74 [balrug/divine providence[the player character]
                  | (10)]
  1843 | D        | Noticed a catoblepas
  1843 | D        | Noticed a death yak
  1843 | D        | Noticed a death yak
  1843 | D        | Noticed a death yak
  1843 | D        | Noticed a death yak
  2208 | D        | Killed a death yak
  2214 | D        | Killed a death yak
  2217 | D        | Slain by a death yak

Illustrated notes

Levels and vault maps discovered:
D:        linesprint [early_d, line_temple, items_1, d_10, items_2, lair_1,
          lair_end, items_3, orc_1, orc_end, items_4, d_15, swamp_1, shoals_1,
          snake_1, spider_1, d_20, vaults_1, items_5, swamp_end, shoals_end,
          snake_end, spider_end, vaults_end, d_27, items_6, zot_1, zot_end,
          crypt_end, forest_end, elf_end, slime_end, tomb_end, abyss_end,
          pan_hell_end]

Skill      XL: |  1  2  3  4  5  6  7  8  9 10 11 |
---------------+----------------------------------+-----
Spellcasting   | 3 5 6 7 9 10 11 12 13 | 13.9
Dodging        | 3 4 5 6 7 8 |  8.5
Stealth        | 2 |  2.7
Armour         | 2 3 5 6 7 9 12 13 | 13.0
Short Blades   | 1 2 3 4 |  4.0
Invocations    | 2 4 5 6 8 9 11 | 11.3
Fighting       | 1 2 3 4 |  4.9
Evocations     | 1 2 3 |  3.0
Long Blades    | 2 3 |  3.2

Action                   |  1- 3 |  4- 6 |  7- 9 | 10-12 || total
-------------------------+-------+-------+-------+-------++-------
Melee: Dagger            |     5 |    15 |       |       ||    20
       Scimitar          |       |       |     1 |    18 ||    19
 Cast: Shock             |     5 |     3 |     9 |    34 ||    51
       Swiftness         |       |     1 |     1 |       ||     2
       Blink             |       |     1 |     4 |     7 ||    12
       Static Discharge  |       |     2 |    14 |    21 ||    37
       Wereblood         |       |       |     1 |       ||     1
       Airstrike         |       |       |     2 |       ||     2
       Summon Ice Beast  |       |       |       |     3 ||     3
Invok: Greater Servant o |       |       |       |     3 ||     3
Evoke: Wand              |       |     3 |     2 |     5 ||    10
  Use: Potion            |     1 |       |     4 |     3 ||     8
       Scroll            |       |       |       |     1 ||     1
Armor: Robe              |     1 |     1 |       |       ||     2
       Scale mail        |       |     2 |    13 |    21 ||    36
Dodge: Dodged            |     2 |     3 |    23 |    44 ||    72

Table legend: (Time is in decaauts)
 A = Elapsed time spent in this place.
 B = Non-inter-level travel time spent in this place.
 C = Inter-level travel time spent in this place.
 D = Time resting spent in this place.
 E = Time spent auto-exploring this place.
 F = Levels seen in this place.
 G = Mean time per level.
                   A        B        C        D        E       F      G
               +--------+--------+--------+--------+--------+-----+--------+
         Total |   2206 |   2206 |      0 |   1091 |    442 |   1 | 2206.0 |
       Dungeon |   2206 |   2206 |      0 |   1091 |    442 |   1 | 2206.0 |
               +--------+--------+--------+--------+--------+-----+--------+

Top non-repeatable levels by time:
       D: 2206 daAuts
